Unix NetHack Version 5.0.0-0 post-release - last build Jun 10 2026 00:39:30 (3ee93aec679c4c4259841fe613dc97188e26a321,branch:main).

Game began 2026-06-17 12:08:30, ended 2026-06-17 12:34:55.

GdeVolpiano, neutral female human Archeologist

                                    -----
                                 ----.|.--#
                                .......s.[.
                                ..---....d.
                                ..--   ..h-
                                ..<|   ...
                                 ..|

GdeVolpiano the Field Worker  St:15 Dx:9 Co:12 In:15 Wi:16 Ch:10  Neutral
Dlvl:7  $:15 HP:0(42) Pw:30(30) AC:7  Xp:5 T:2891 

Latest messages:
 You miss the dwarf.
 You hit the dwarf.
 You hit the dwarf.
 The dwarf swings her pick-axe.
 The dwarf hits!
 What do you want to drink? [k or ?*]
 You feel better.
 The dwarf swings her pick-axe.
 The dwarf hits!
 You hit the dwarf.
 The gnome hits!
 You miss the dwarf.
 The gnome hits!
 You hit the dwarf.
 The gnome hits!
 Indy bites the dwarf.
 You hit the dwarf.
 Indy bites the dwarf.
 The dwarf swings her pick-axe at Indy.
 The dwarf hits Indy.
 The gnome hits!
 You hit the dwarf.
 Indy misses the dwarf.
 Indy bites the dwarf.
 The dwarf is killed!
 You kill the gnome!
 Indy eats a dwarf corpse.
 You hear crashing rock.
 You see here a gnome corpse.
 You swap places with Indy.
 The gnome misses!
 You hear crashing rock.
 You miss the gnome.
 You miss the gnome.
 Indy eats a gnome corpse.
 You hit the gnome.
 The gnome hits!
 You kill the gnome!
 Z - a scroll of identify.
 You miss the dwarf.
 The dwarf swings her pick-axe.
 The dwarf hits!
 You hit the dwarf.
 The dwarf swings her pick-axe.
 The dwarf hits!
 The giant spider bites!
 The giant spider's bite was poisoned!
 You hear the howling of the CwnAnnwn...
 You die...
 Do you want your possessions identified? [ynq] (y)

Inventory:
 Coins    ('$')
  $ - 15 gold pieces
 Weapons  (')')
  m - 62 +0 darts (at the ready)
  V - a +0 aklys (tethered to right hand)
 Armor    ('[')
  c - a blessed +0 fedora (being worn)
  K - an uncursed +0 pair of iron shoes (being worn)
  M - an uncursed +0 dwarvish cloak (being worn)
  b - an uncursed +0 leather jacket (being worn)
 Comestibles  ('%')
  B - an uncursed cream pie
  d - 3 uncursed food rations
 Scrolls  ('?')
  Z - an uncursed scroll of identify
  U - a cursed scroll of light
 Potions  ('!')
  k - 2 uncursed potions of healing
 Rings    ('=')
  x - an uncursed ring of invisibility (on right hand)
 Wands    ('/')
  w - a wand of digging (0:6)
  D - a wand of light (0:15)
  I - a wand of magic missile (0:3)
 Tools    ('(')
  h - an uncursed sack containing 2 items
  e - a +0 pick-axe (alternate weapon; not wielded)
  T - an uncursed tallow candle
 Gems/Stones  ('*')
  Y - an uncursed amber stone
  g - an uncursed touchstone

Contents of the sack:
  823 gold pieces
  an uncursed emerald

GdeVolpiano the Archeologist's attributes:

Background:
 You were a Field Worker, a level 5 female human Archeologist.
 You were neutral, on a mission for Camaxtli
 who was opposed by Quetzalcoatl (lawful) and Huhetotl (chaotic).
 You were right-handed.
 You were in the Gnomish Mines, on level 7.
 You entered the dungeon 2891 turns ago.
 There was a new moon in effect when your adventure ended.
 You had 247 experience points, 73 more were needed to attain level 6.

Basics:
 You had 0 out of 42 hit points.
 You had all 30 energy points (spell power).
 Your armor class was 7.
 Your wallet contained 15 zorkmids, and
 you had 823 more stashed away in your pack.
 Autopickup was on for '$?!/="+' plus thrown, with exceptions.

Final Characteristics:
 Your strength was 15 (limit:18/100).
 Your dexterity was 9 (limit:18).
 Your constitution was 12 (limit:18).
 Your intelligence was 15 (limit:18).
 Your wisdom was 16 (limit:18).
 Your charisma was 10 (limit:18).

Final Status:
 You weren't hungry.
 You were unencumbered.
 You were wielding a club.
 You were unskilled in club.

Final Attributes:
 You were piously aligned.
 Your items were somewhat protected from fire.
 Your items were somewhat protected from cold.
 You had automatic searching.
 You were invisible.
 You were stealthy.
 You were warded.
 You were lucky.
 You are dead.

Miscellaneous:
 You didn't encounter any bones levels.
 Total elapsed playing time was 26 minutes and 23 seconds.

Major events:
 Turn
    1: GdeVolpiano the neutral female human Archeologist entered the dungeon
  988: attained the rank of Field Worker (level 3)
 1736: entered the Gnomish Mines
 2891: killed by a giant spider

Spells:
 Name                 Level Category     Fail Retention
 confuse monster        1   enchantment   19%  76%-100%
 jumping                1   escape        19%  76%-100%

Skills:
 Fighting Skills
   bare handed combat [Unskilled]
   two weapon combat  [Unskilled]
   riding             [Unskilled]
 Weapon Skills
   dagger             [Unskilled]
   knife              [Unskilled]
   pick-axe           [Basic]
   short sword        [Unskilled]
   saber              [Unskilled]
   club               [Unskilled]
   quarterstaff       [Unskilled]
   sling              [Unskilled]
   dart               [Unskilled]
   boomerang          [Unskilled]
   whip               [Basic]
   unicorn horn       [Unskilled]
 Spellcasting Skills
   attack spells      [Unskilled]
   healing spells     [Unskilled]
   divination spells  [Unskilled]
   matter spells      [Unskilled]

Voluntary challenges:
 Character rerolling was not enabled.
 You never genocided any monsters.
 You never polymorphed an object.
 You never changed form.
 You used no wishes.
Achievements:
 You attained the rank of Field Worker.
 You entered the Gnomish Mines.

 The Dungeons of Doom: levels 1 to 5
    Level 1:
    Level 2:
       An altar to Camaxtli, a fountain, a sink.
    Level 3:
       A fountain.
    Level 4:
       Many fountains.
       Stairs down to The Gnomish Mines.
    Level 5:
 The Gnomish Mines: levels 5 to 7
    Level 5:
    Level 6:
    Level 7: <- You were here.
       Final resting place for
          you, killed by a giant spider.


Vanquished creatures:
  a yellow light
  2 gnome leaders
  2 floating eyes
  4 dwarves
  a rabid rat
  a giant bat
  2 orc zombies
 an acid blob
  2 coyotes
  3 hobbits
  2 giant rats
  a yellow mold
 21 gnomes
  a gecko
  2 jackals
  3 foxes
  a kobold
  3 goblins
  6 grid bugs
  6 lichens
  7 newts
72 creatures vanquished.

No species were genocided or became extinct.

Game over:
                       ----------
                      /          \
                     /    REST    \
                    /      IN      \
                   /     PEACE      \
                  /                  \
                  |   GdeVolpiano    |
                  |      838 Au      |
                  |   killed by a    |
                  |   giant spider   |
                  |                  |
                  |                  |
                  |       2026       |
                 *|     *  *  *      | *
        _________)/\\_//(\/(/\)/\//\/|_)_______

Goodbye GdeVolpiano the Archeologist...

You died in The Gnomish Mines on dungeon level 7 with 2073 points,
and 838 pieces of gold, after 2891 moves.
You were level 5 with a maximum of 42 hit points when you died.

